Map: 오딧세이 - 래더

Players

ROOTherO (herO) - Winner!

  • Race: Protoss Protoss
  • League: Grandmaster
  • Spawn Location: 5:00

llllllllllll (Maru)

  • Race: Terran Terran
  • League: Grandmaster
  • Spawn Location: 11:00

VOD

Have the link to the VOD?

Description

Time

  • Played on: Dec. 22, 2017, 5:20 a.m.
  • Length: 8:19
Show
View Real Time Build Order
Export as new Build Order

ROOTherO Protoss - Winner!

Build Orders: 1 Gate Expand, Blink Stalkers 

Get SALT Encoding   

  12  0:00  Probe  
  13  0:13  Probe  
  14  0:18  Pylon  
  14  0:25  Probe  
  15  0:37  Probe (Chrono Boost)  
  15  0:39  Gateway  
  15  0:42  Assimilator  
  16  0:49  Probe (Chrono Boost)  
  17  0:54  Probe (Chrono Boost)  
  18  1:03  Probe  
  19  1:15  Probe  
  20  1:23  Nexus  
  20  1:33  Cybernetics Core  
  20  1:36  Probe  
  21  1:43  Assimilator  
  21  1:48  Probe  
  21  1:52  Pylon  
  22  2:00  Probe  
  23  2:07  Stalker (Chrono Boost)  
  23  2:09  Warp Gate  
  23  2:12  Probe  
  26  2:24  Probe  
  27  2:30  Stalker  
  27  2:35  Probe (Chrono Boost)  
  27  2:36  Twilight Council  
  30  2:37  Probe (Chrono Boost)  
  31  2:47  Probe (Chrono Boost)  
  31  2:48  Probe (Chrono Boost)  
  33  2:51  Probe (Chrono Boost)  
  33  2:52  Probe (Chrono Boost)  
  35  3:00  Stalker  
  35  3:03  Blink (Chrono Boost), Probe  
  35  3:04  Probe  
  39  3:15  Probe  
  39  3:16  Probe  
  39  3:19  Gateway  
  41  3:24  Gateway  
  41  3:27  Probe  
  41  3:28  Probe  
  41  3:32  Pylon  
  43  3:37  Stalker  
  43  3:40  Probe  
  46  3:50  Probe  
  46  3:52  Probe  
  48  3:58  Nexus  
  48  4:00  Pylon  
  48  4:07  Probe  
  48  4:08  Probe  
  50  4:15  Stalker x2  
  50  4:16  Pylon  
  54  4:19  Stalker  
  54  4:21  Probe  
  54  4:22  Probe  
  58  4:27  Robotics Facility  
  57  4:47  Probe x2  
  57  4:50  Stalker x3  
  57  4:52  Assimilator  
  65  4:56  Assimilator  
  65  4:59  Probe x2  
  67  5:01  Pylon  
  67  5:03  Charge  
  67  5:10  Probe  
  67  5:11  Probe x2  
  70  5:15  Gateway  
  70  5:16  Gateway  
  70  5:20  Gateway  
  70  5:22  Observer (Chrono Boost)  
  71  5:32  Probe x2  
  71  5:33  Probe  
  71  5:34  Warp Prism (Chrono Boost)  
  76  5:45  Zealot x3  
  82  5:50  Probe  
  82  5:53  Gateway  
  82  5:54  Gateway  
  83  5:58  Immortal (Chrono Boost)  
  87  6:06  Pylon, Probe  
  87  6:07  Pylon  
  88  6:16  Pylon  
  88  6:25  Zealot x6  
  100  6:28  Immortal (Chrono Boost)  
  100  6:29  Pylon  
  104  6:47  Zealot x7  
  104  6:50  Zealot  
  104  7:10  Zealot x7  
  104  7:12  Zealot  
  86  7:23  Immortal (Chrono Boost)  
  80  7:33  Stalker x4  
  80  7:34  Zealot x4  
  92  7:56  Zealot x3  
  92  7:57  Zealot x5  
  96  8:16  Pylon  
  96  8:17  Zealot x8, Pylon  
Show
View Real Time Build Order
Export as new Build Order

llllllllllll Terran 

Build Orders: Gas First Reaper Expand, Reaper Expand, MMM Bio 

Get SALT Encoding   

  12  0:00  SCV  
  13  0:12  SCV  
  14  0:17  Supply Depot  
  14  0:24  SCV  
  15  0:33  Refinery  
  15  0:38  SCV  
  16  0:44  Barracks  
  16  0:50  SCV  
  17  1:02  SCV  
  18  1:14  SCV  
  19  1:31  Reaper, Orbital Command  
  20  1:51  Command Center  
  20  1:57  SCV  
  20  1:58  Factory  
  21  2:04  Refinery  
  21  2:09  SCV, Barracks Reactor  
  21  2:14  Supply Depot  
  22  2:21  SCV  
  23  2:35  SCV  
  24  2:43  Starport, Widow Mine  
  26  2:46  Marine x2  
  26  2:47  SCV  
  29  2:59  SCV  
  29  3:04  Orbital Command  
  29  3:05  Widow Mine  
  32  3:07  Marine  
  32  3:08  Marine  
  32  3:12  SCV  
  35  3:16  Bunker  
  35  3:19  Medivac  
  37  3:24  SCV  
  38  3:29  Barracks  
  38  3:31  SCV  
  39  3:37  Marine x2  
  39  3:38  Factory Tech Lab  
  41  3:43  Supply Depot  
  41  3:50  SCV  
  41  3:52  Barracks  
  41  3:54  SCV  
  43  4:02  SCV  
  44  4:06  SCV, Engineering Bay, Factory Tech Lab, Marine x2  
  46  4:14  SCV  
  47  4:18  Barracks  
  47  4:22  Marauder  
  47  4:23  Starport Reactor  
  47  4:24  Stimpack  
  49  4:28  SCV  
  50  4:33  SCV, Terran Infantry Weapons Level 1  
  50  4:34  Factory Tech Lab  
  51  4:43  Marine, Marauder  
  52  4:47  SCV, Barracks  
  52  4:51  Supply Depot  
  52  4:52  Marauder  
  51  4:55  Concussive Shells  
  51  4:57  SCV  
  51  4:59  SCV  
  53  5:00  Supply Depot  
  53  5:03  Factory Reactor  
  53  5:06  Starport Reactor  
  53  5:08  Refinery  
  53  5:13  Marauder  
  53  5:14  Supply Depot  
  55  5:15  Marauder  
  55  5:16  Marine  
  55  5:17  Marine  
  55  5:19  SCV  
  55  5:21  Marine  
  60  5:26  Marine  
  62  5:28  SCV  
  62  5:34  Marauder  
  62  5:36  Supply Depot  
  62  5:37  SCV  
  62  5:41  Marine x2  
  62  5:42  Marauder x2  
  69  5:44  Medivac  
  69  5:48  Medivac  
  73  5:54  Supply Depot  
  73  5:55  Marauder  
  73  5:56  Widow Mine  
  75  5:57  SCV  
  75  5:59  Marine x2  
  75  6:01  Marine  
  75  6:03  Marine  
  80  6:05  Supply Depot  
  80  6:08  SCV  
  83  6:14  Marauder x2  
  83  6:17  Marine  
  83  6:18  SCV, Supply Depot  
  87  6:24  Combat Shields  
  87  6:27  Supply Depot  
  87  6:28  Marine  
  88  6:40  Marine x2  
  88  6:41  Marauder x2  
  88  6:44  Marauder  
  88  6:45  Supply Depot  
  96  6:47  Widow Mine  
  96  6:48  Widow Mine  
  96  6:53  SCV  
  79  7:01  Medivac  
  79  7:02  Marauder  
  79  7:06  SCV x2  
  85  7:09  Widow Mine  
  73  7:16  Marine  
  73  7:17  Marine, Marauder x2  
  73  7:21  SCV  
  58  7:23  Marine  
  58  7:27  Marine  
  46  7:30  SCV  
  46  7:33  Marine  
  45  7:41  Marine  
  45  7:42  Marine  
  40  7:44  Marine  
  40  7:50  Marine  
  41  7:52  Marine x2  
  41  7:56  Marine  
  36  7:59  Marine  
Tags
 
Add a new tag
Caveats
  • Supply blocks, unpowered buildings, or Contaminate may cause inaccurate times.
  • Supply counts are checked every 10 seconds.